Map: Site Delta LE

Players

capital - Winner!

  • Race: Zerg Zerg
  • League: Platinum
  • Spawn Location: 11:00

RaDy

  • Race: Terran Terran
  • Spawn Location: 5:00

VOD

Have the link to the VOD?

Description

Time

  • Played on: Oct. 18, 2023, 8:52 a.m.
  • Length: 7:48
Show
View Real Time Build Order
Export as new Build Order

capital Zerg - Winner!

Build Orders: Hatch First 

Get SALT Encoding   

  12  0:00  Drone  
  13  0:08  Drone  
  14  0:16  Overlord  
  14  0:34  Drone x2  
  16  0:48  Hatchery  
  15  0:51  Drone  
  15  0:54  Extractor  
  15  1:10  Spawning Pool  
  14  1:11  Drone  
  14  1:17  Drone  
  16  1:19  Drone  
  16  1:24  Drone  
  18  2:01  Zergling x2  
  18  2:02  Zergling x2, Queen x2  
  24  2:11  Metabolic Boost  
  24  2:12  Zergling x2, Extractor  
  24  2:18  Drone  
  24  2:19  Drone  
  26  2:23  Drone  
  27  2:34  Drone  
  28  2:38  Overlord  
  28  2:44  Lair  
  28  2:56  Queen  
  28  2:58  Drone  
  31  3:13  Zergling x6  
  31  3:14  Zergling x2  
  31  3:18  Zergling x4  
  35  3:26  Drone x2  
  36  3:45  Overlord x2  
  36  3:46  Evolution Chamber  
  36  3:47  Overseer, Roach Warren  
  34  3:55  Drone  
  35  3:56  Spine Crawler  
  35  3:58  Drone  
  35  4:15  Zerg Ground Armor Level 1  
  34  4:34  Zergling x14  
  42  4:38  Zergling x2  
  42  4:44  Zergling x4  
  42  4:45  Zergling x2  
  39  4:54  Overseer  
  39  4:58  Drone x2  
  41  5:16  Overseer  
  40  5:22  Zergling x8  
  44  5:33  Roach x4  
  51  5:41  Drone  
  51  5:42  Overlord x3  
  52  5:48  Glial Reconstitution  
  52  5:51  Spore Crawler  
  52  5:55  Drone  
  52  6:03  Roach x2  
  56  6:05  Drone  
  56  6:09  Drone  
  58  6:16  Roach  
  60  6:22  Roach  
  60  6:23  Roach  
  60  6:24  Drone  
  65  6:26  Drone  
  65  6:29  Drone  
  67  6:46  Roach  
  73  6:47  Roach x2  
  65  6:55  Zergling x6  
  65  6:57  Roach  
  68  7:08  Roach  
  68  7:14  Roach x3  
  73  7:28  Roach x2  
  75  7:30  Spore Crawler  
  75  7:34  Spore Crawler x2  
  75  7:35  Hydralisk Den  
Show
View Real Time Build Order
Export as new Build Order

RaDy Terran 

Build Orders: Reaper Expand 

Get SALT Encoding   

  12  0:02  SCV  
  14  0:14  SCV  
  14  0:22  Supply Depot  
  14  0:26  SCV  
  15  0:50  Barracks  
  15  0:55  Refinery  
  15  0:57  SCV, Refinery  
  16  1:09  SCV  
  17  1:24  SCV  
  18  1:38  Bunker  
  18  1:41  Reaper  
  19  1:52  Command Center  
  19  2:04  SCV  
  19  2:14  Reaper  
  20  2:18  Orbital Command  
  20  2:46  Factory  
  20  2:53  Supply Depot  
  20  2:58  Barracks Reactor  
  20  3:07  Barracks Reactor  
  18  3:30  SCV  
  18  3:31  Factory Reactor  
  19  3:36  Starport  
  19  3:40  Barracks  
  19  3:42  SCV  
  19  3:48  Supply Depot, Marine  
  21  3:51  SCV  
  21  3:54  SCV  
  23  4:03  SCV  
  23  4:06  SCV  
  25  4:15  SCV  
  26  4:18  SCV  
  26  4:28  SCV  
  26  4:36  Marine x3  
  23  4:46  Hellion  
  19  4:54  Marine x2  
  21  5:07  Starport Tech Lab  
  21  5:08  SCV  
  21  5:09  SCV  
  21  5:10  Barracks Tech Lab  
  20  5:20  Hellion  
  18  5:30  Supply Depot  
  18  5:38  SCV  
  19  5:45  Widow Mine  
  19  5:49  Marine  
  22  5:50  Marine  
  22  5:56  SCV x2  
  25  6:04  Supply Depot  
  25  6:08  SCV x2  
  27  6:23  SCV  
  29  6:26  Banshee  
  32  6:35  Orbital Command, SCV  
  32  6:43  Supply Depot  
  32  6:47  SCV  
  33  6:59  SCV  
  32  7:07  Marine  
  32  7:08  Marauder, Marine  
  34  7:12  SCV  
  28  7:25  Marine x2  
Tags
 
Add a new tag
Caveats
  • Supply blocks, unpowered buildings, or Contaminate may cause inaccurate times.
  • Supply counts are checked every 10 seconds.